[Event "1000GM Schev-G4 May 2024"]
[Site "Sunnyvale"]
[Date "2024.05.11"]
[Round "1.2"]
[White "Zuluaga Mancilla, Cesar"]
[Black "Champsi, Imran"]
[Result "1/2-1/2"]
[ECO "A59"]
[WhiteElo "2190"]
[BlackElo "2029"]
[Annotator "ChessBase"]
[PlyCount "120"]
[EventDate "2024.05.10"]
[EventType "schev"]
[EventCountry "USA"]
[SourceTitle "playchess.com"]
[Source "ChessBase"]
[SourceQuality "1"]
[TimeControl "5400+30"]

1. d4 Nf6 2. c4 c5 3. d5 b5 4. cxb5 a6 5. bxa6 g6 6. Nc3 Bxa6 7. Nf3 Bg7 8. g3 O-O 9. e4 Bxf1 10. Kxf1 d6 11. Kg2 Nbd7 12. h3 Ra6 13. Qe2 Qa8 14. Rd1 Rb8 15. Bg5 Rab6 16. b3 h6 17. Bd2 Ne8 18. Rac1 Nc7 19. Na4 Qa6 20. Qe3 R6b7 21. Bc3 f6 22. Ba1 Nb6 23. Nxb6 Rxb6 24. Rc2 Qc8 25. Nh4 Kh7 26. f4 Qe8 27. f5 g5 28. Ng6 e6 29. dxe6 Nxe6 30. Rcd2 Nf8 31. Nxf8+ Qxf8 32. Bc3 Qe7 33. Kf3 Rc6 34. Rd5 Ra8 35. R1d2 Ra3 36. Qe2 Rca6 37. Qd3 Rxa2 38. Rxa2 Rxa2 39. Rxd6 Qf7 40. Rd7 Qh5+ 41. Ke3 Rg2 42. Be1 Qxh3 43. Rxg7+ Kxg7 44. Qd7+ Kf8 45. Qd6+ Kf7 46. Qe6+ Kf8 47. Qxf6+ Kg8 48. Qd8+ Kf7 49. Qd5+ Ke8 50. Qe6+ Kf8 51. Qd6+ Kf7 52. Qc7+ Ke8 53. Qc6+ Kf7 54. Qg6+ Kf8 55. Qd6+ Kf7 56. Qc7+ Ke8 57. Qe5+ Kf7 58. Qe6+ Kf8 59. Qc8+ Kf7 60. Qc7+ Ke8 1/2-1/2

[Event "1000GM Schev-G4 May 2024"]
[Site "Sunnyvale"]
[Date "2024.05.11"]
[Round "1.3"]
[White "Cremisi, Daniel"]
[Black "Pullela, Sricharan"]
[Result "1-0"]
[ECO "A65"]
[WhiteElo "2171"]
[BlackElo "2125"]
[Annotator "ChessBase"]
[PlyCount "113"]
[EventDate "2024.05.10"]
[EventType "schev"]
[EventCountry "USA"]
[SourceTitle "playchess.com"]
[Source "ChessBase"]
[SourceQuality "1"]
[TimeControl "5400+30"]

1. d4 Nf6 2. c4 c5 3. d5 e6 4. Nc3 exd5 5. cxd5 d6 6. e4 g6 7. h3 Bg7 8. Bg5 O-O 9. Bd3 a6 10. a4 Qc7 11. Nf3 Nbd7 12. O-O c4 13. Be2 Rb8 14. Rc1 Re8 15. Nd2 b5 16. axb5 axb5 17. b4 h6 18. Be3 g5 19. Ra1 Ne5 20. Ra7 Qd8 21. Qc2 Re7 22. Ra5 Bd7 23. f4 gxf4 24. Bxf4 Qb6+ 25. Kh1 Ng6 26. Bh2 Ne8 27. Bg1 Bd4 28. Bxd4 Qxd4 29. Nf3 Qe3 30. Qd2 Qxd2 31. Nxd2 Kg7 32. Ra7 Bc8 33. Rxe7 Nxe7 34. Ra1 Ng6 35. Nf3 Kf6 36. Ra7 Ne5 37. Nd4 Bd7 38. Kg1 Kg6 39. Kf2 Nf6 40. Ra6 Ne8 41. Ke3 Kg7 42. Ra7 Kf8 43. Nf3 Nxf3 44. Bxf3 Nf6 45. Kd4 Ke7 46. e5 dxe5+ 47. Kxe5 Rb6 48. Bd1 Rd6 49. Bc2 Ne8 50. Nxb5 Rb6 51. Bf5 Rxb5 52. Bxd7 f6+ 53. Kd4 Rxb4 54. Bc6+ Kf8 55. Ra8 c3+ 56. Kxc3 Re4 57. Kd3 1-0

[Event "1000GM Schev-G4 May 2024"]
[Site "Sunnyvale"]
[Date "2024.05.11"]
[Round "1.4"]
[White "Bhatta, Rohit"]
[Black "Jaquez, Juan Manuel"]
[Result "1-0"]
[ECO "E11"]
[WhiteElo "1976"]
[BlackElo "2208"]
[Annotator "ChessBase"]
[PlyCount "121"]
[EventDate "2024.05.10"]
[EventType "schev"]
[EventCountry "USA"]
[SourceTitle "playchess.com"]
[Source "ChessBase"]
[SourceQuality "1"]
[TimeControl "5400+30"]

1. d4 Nf6 2. c4 e6 3. g3 Bb4+ 4. Bd2 a5 5. Bg2 d5 6. Qc2 O-O 7. Nf3 Nc6 8. O-O Ne4 9. Rd1 Be7 10. a3 Bf6 11. e3 Ne7 12. Nc3 Nxc3 13. Bxc3 b6 14. e4 g6 15. cxd5 exd5 16. e5 Bg7 17. Bd2 h6 18. Rac1 c6 19. b4 Bf5 20. Qb2 Qd7 21. Ne1 Rfc8 22. Bc3 Bf8 23. bxa5 bxa5 24. Qd2 c5 25. dxc5 Rxc5 26. e6 fxe6 27. Qd4 Nc6 28. Qh8+ Kf7 29. Bg7 Rxc1 30. Rxc1 Rc8 31. Bxf8 Rxf8 32. Qxh6 Qd6 33. Nf3 Ke7 34. Qh4+ Kd7 35. Qa4 Rc8 36. Bf1 Kd8 37. Bb5 Be4 38. Ng5 Ke7 39. Nxe4 dxe4 40. Rxc6 Rxc6 41. Bxc6 e3 42. fxe3 Qd2 43. Qe4 Qc1+ 44. Kg2 Qxa3 45. Bd5 Qd6 46. Qh4+ Kd7 47. Qa4+ Ke7 48. Qh4+ Kd7 49. Qh7+ Kd8 50. Qg8+ Ke7 51. Qg7+ Kd8 52. Qf6+ Kc7 53. Qf7+ Kd8 54. Qxe6 Qc5 55. Qf6+ Kc7 56. Qf4+ Kd8 57. Qf6+ Kc7 58. Qe5+ Kd8 59. Qd4 Qc2+ 60. Kh3 Qf5+ 61. g4 1-0

[Event "1000GM Schev-G4 May 2024"]
[Site "Sunnyvale"]
[Date "2024.05.11"]
[Round "1.5"]
[White "Wu, Jayden"]
[Black "Ramirez, Carlos"]
[Result "1/2-1/2"]
[ECO "C18"]
[WhiteElo "1953"]
[BlackElo "2163"]
[Annotator "ChessBase"]
[PlyCount "88"]
[EventDate "2024.05.10"]
[EventType "schev"]
[EventCountry "USA"]
[SourceTitle "playchess.com"]
[Source "ChessBase"]
[SourceQuality "1"]
[TimeControl "5400+30"]

1. e4 e6 2. d4 d5 3. Nc3 Bb4 4. e5 c5 5. a3 Ba5 6. b4 cxd4 7. Nb5 Bc7 8. f4 Ne7 9. Nf3 Bd7 10. Nbxd4 a6 11. Bd3 Nbc6 12. Be3 Bb6 13. c3 Rc8 14. O-O Nf5 15. Bxf5 exf5 16. Kh1 O-O 17. Qd2 Nxd4 18. Bxd4 Rc4 19. Bxb6 Qxb6 20. Nd4 Rfc8 21. Rf3 Qc7 22. Ne2 d4 23. Rc1 Bc6 24. Rd3 dxc3 25. Rcxc3 b5 26. Rxc4 bxc4 27. Rd6 Be4 28. Nc3 Bd3 29. Qe3 h6 30. h3 Ra8 31. Qd4 Qe7 32. Rd7 Qh4 33. Qe3 Re8 34. Kh2 Re6 35. Rd6 Kh7 36. Rxe6 fxe6 37. a4 Qe7 38. b5 axb5 39. axb5 Qb4 40. Qd2 Kg6 41. Kg3 Kf7 42. Kf2 g5 43. fxg5 hxg5 44. Qxg5 Qxc3 1/2-1/2

[Event "1000GM Schev-G4 May 2024"]
[Site "Sunnyvale"]
[Date "2024.05.12"]
[Round "2.1"]
[White "Champsi, Imran"]
[Black "Rivera, Ingris"]
[Result "1-0"]
[ECO "B23"]
[WhiteElo "2029"]
[BlackElo "2172"]
[Annotator "ChessBase"]
[PlyCount "95"]
[EventDate "2024.05.10"]
[EventType "schev"]
[EventCountry "USA"]
[SourceTitle "playchess.com"]
[Source "ChessBase"]
[SourceQuality "1"]
[TimeControl "5400+30"]

1. e4 c5 2. Nc3 d6 3. d4 cxd4 4. Qxd4 Nc6 5. Qd2 Nf6 6. b3 g6 7. Bb2 Bg7 8. O-O-O a6 9. Nge2 b5 10. f3 O-O 11. g4 b4 12. Nd5 Nxd5 13. Qxd5 Qc7 14. Bxg7 Kxg7 15. Nd4 Bb7 16. Nxc6 Qxc6 17. Qd4+ f6 18. Qxb4 Rfc8 19. Bd3 a5 20. Qb5 Qc7 21. Qa4 Bc6 22. Qd4 a4 23. g5 axb3 24. gxf6+ exf6 25. axb3 Ra2 26. Kd2 Bb5 27. Rc1 Qa5+ 28. b4 Qa4 29. Ke3 Qa3 30. c4 Qxb4 31. Rhd1 Qa3 32. Rb1 Rxc4 33. Qb6 Bc6 34. Rb3 Qc5+ 35. Qxc5 Rxc5 36. Bb1 Rxh2 37. Rxd6 Bb5 38. Rd5 Re2+ 39. Kd4 Rxd5+ 40. exd5 Be8 41. d6 Kf8 42. Rb7 Rd2+ 43. Kc5 Bf7 44. Be4 h5 45. Bc6 h4 46. Rb8+ Kg7 47. d7 Rc2+ 48. Kd4 1-0

[Event "1000GM Schev-G4 May 2024"]
[Site "Sunnyvale"]
[Date "2024.05.12"]
[Round "2.2"]
[White "Pullela, Sricharan"]
[Black "Zuluaga Mancilla, Cesar"]
[Result "0-1"]
[ECO "D10"]
[WhiteElo "2125"]
[BlackElo "2190"]
[Annotator "ChessBase"]
[PlyCount "110"]
[EventDate "2024.05.10"]
[EventType "schev"]
[EventCountry "USA"]
[SourceTitle "playchess.com"]
[Source "ChessBase"]
[SourceQuality "1"]
[TimeControl "5400+30"]

1. d4 d5 2. c4 c6 3. cxd5 cxd5 4. Nc3 Nf6 5. f3 Nc6 6. e4 e6 7. e5 Nd7 8. f4 a6 9. Nf3 Nb6 10. Bd3 Be7 11. Qe2 Bd7 12. Be3 Nb4 13. Bb1 Na4 14. Nxa4 Bxa4 15. b3 Bb5 16. Qd1 Qc7 17. Qd2 Rc8 18. Kf2 a5 19. a3 Nc6 20. Rc1 g6 21. g4 h5 22. h3 hxg4 23. hxg4 Kd7 24. Kg2 Qb6 25. Bc2 Ba6 26. Bd1 Qb5 27. Bc2 Rh7 28. f5 gxf5 29. gxf5 Rg8+ 30. Kf2 Bh4+ 31. Nxh4 Rxh4 32. Rh1 Rhg4 33. Rag1 Rxg1 34. Rxg1 Rxg1 35. fxe6+ fxe6 36. Kxg1 Qf1+ 37. Kh2 Be2 38. Bg1 Bg4 39. Qg2 Qf4+ 40. Qg3 Qd2+ 41. Qf2 Qh6+ 42. Kg3 Qh3+ 43. Kf4 Bf5 44. Bd1 Qh6+ 45. Kg3 Qg5+ 46. Kh2 Be4 47. Kh3 Bf5+ 48. Kh2 Ne7 49. Qe3 Qh4+ 50. Kg2 Be4+ 51. Kf1 Nf5 52. Qc3 Qh1 53. Qd2 Ng3+ 54. Kf2 Qg2+ 55. Ke3 Nf1+ 0-1

[Event "1000GM Schev-G4 May 2024"]
[Site "Sunnyvale"]
[Date "2024.05.12"]
[Round "2.3"]
[White "Bhatta, Rohit"]
[Black "Cremisi, Daniel"]
[Result "0-1"]
[ECO "E08"]
[WhiteElo "1976"]
[BlackElo "2171"]
[Annotator "ChessBase"]
[PlyCount "132"]
[EventDate "2024.05.10"]
[EventType "schev"]
[EventCountry "USA"]
[SourceTitle "playchess.com"]
[Source "ChessBase"]
[SourceQuality "1"]
[TimeControl "5400+30"]

1. d4 d5 2. c4 e6 3. Nf3 c6 4. Qc2 Nf6 5. g3 Bb4+ 6. Bd2 Be7 7. Bg2 O-O 8. O-O b6 9. Bf4 Bb7 10. Rd1 Nbd7 11. Ne5 Nxe5 12. dxe5 Nd7 13. cxd5 cxd5 14. e4 dxe4 15. Bxe4 Bxe4 16. Qxe4 Qc7 17. Nc3 Nc5 18. Qe2 Rfd8 19. Nb5 Qb7 20. Nd6 Bxd6 21. exd6 Qe4 22. Qxe4 Nxe4 23. Rac1 f6 24. f3 Nc5 25. b4 Nd7 26. Rc7 e5 27. Be3 Kf7 28. Rdc1 Ke6 29. R1c6 Kd5 30. a4 Nf8 31. Rc1 Rd7 32. a5 bxa5 33. R1c5+ Kxd6 34. Rxd7+ Nxd7 35. Rxa5 Kc6 36. b5+ Kb7 37. Ra3 Nb6 38. Rd3 Rc8 39. Rd6 Nc4 40. Rd7+ Rc7 41. Rxc7+ Kxc7 42. Bxa7 Nd6 43. Bc5 g6 44. Be3 Nxb5 45. g4 Kd6 46. h4 Kd5 47. Kg2 Nd4 48. Kf2 Ne6 49. Bd2 Kd4 50. Bb4 e4 51. fxe4 Kxe4 52. Bd2 Nf4 53. Kg3 Nd5 54. Kf2 h5 55. gxh5 gxh5 56. Kg3 f5 57. Bg5 Ne3 58. Kf2 f4 59. Be7 Ng4+ 60. Kg2 Ke3 61. Bg5 Ne5 62. Bh6 Nf7 63. Bf8 Ke2 64. Bc5 Nh6 65. Bb6 Nf5 66. Kh3 f3 0-1

[Event "1000GM Schev-G4 May 2024"]
[Site "Sunnyvale"]
[Date "2024.05.12"]
[Round "2.4"]
[White "Jaquez, Juan Manuel"]
[Black "Wu, Jayden"]
[Result "1-0"]
[ECO "B97"]
[WhiteElo "2208"]
[BlackElo "1953"]
[Annotator "ChessBase"]
[PlyCount "63"]
[EventDate "2024.05.10"]
[EventType "schev"]
[EventCountry "USA"]
[SourceTitle "playchess.com"]
[Source "ChessBase"]
[SourceQuality "1"]
[TimeControl "5400+30"]

1. e4 c5 2. Nc3 d6 3. Nf3 Nf6 4. d4 cxd4 5. Nxd4 a6 6. Bg5 e6 7. f4 Qb6 8. a3 Nbd7 9. Bh4 Be7 10. Bf2 Qc7 11. Bd3 b6 12. Qe2 Bb7 13. g4 Nc5 14. g5 Nxd3+ 15. cxd3 Nd7 16. Rc1 Qd8 17. h4 h5 18. g6 Nf6 19. f5 exf5 20. gxf7+ Kxf7 21. Nxf5 Re8 22. Qf3 Bf8 23. Bd4 g6 24. Ne3 Bg7 25. Ncd5 Bxd5 26. Nxd5 Re6 27. Rc7+ Kg8 28. Rf1 Rc8 29. Bxf6 Bxf6 30. Nxf6+ Rxf6 31. Rxc8 Qxc8 32. Qxf6 1-0

[Event "1000GM Schev-G4 May 2024"]
[Site "Sunnyvale"]
[Date "2024.05.12"]
[Round "3.1"]
[White "Rivera, Ingris"]
[Black "Pullela, Sricharan"]
[Result "1-0"]
[ECO "E71"]
[WhiteElo "2172"]
[BlackElo "2125"]
[Annotator "ChessBase"]
[PlyCount "69"]
[EventDate "2024.05.10"]
[EventType "schev"]
[EventCountry "USA"]
[SourceTitle "playchess.com"]
[Source "ChessBase"]
[SourceQuality "1"]
[TimeControl "5400+30"]

1. d4 Nf6 2. c4 g6 3. Nc3 Bg7 4. e4 d6 5. h3 O-O 6. Be3 e5 7. d5 a5 8. Bd3 Nfd7 9. g4 Nc5 10. Bc2 c6 11. Nge2 cxd5 12. cxd5 Nba6 13. Ng3 Bd7 14. Qd2 b5 15. O-O b4 16. Nd1 Bb5 17. Re1 Qd7 18. b3 Rfc8 19. Nb2 Qb7 20. h4 Rc7 21. h5 Rac8 22. Bd1 Nd7 23. a4 bxa3 24. Rxa3 Ndc5 25. Rxa5 Bd7 26. Ra3 Qb4 27. Nc4 Bf8 28. Be2 Rb8 29. Rea1 Nxb3 30. Qxb4 Rxb4 31. Rxb3 Rxb3 32. Rxa6 Bb5 33. Ra8 Kg7 34. h6+ Kf6 35. Nd2 1-0

[Event "1000GM Schev-G4 May 2024"]
[Site "Sunnyvale"]
[Date "2024.05.12"]
[Round "3.2"]
[White "Zuluaga Mancilla, Cesar"]
[Black "Bhatta, Rohit"]
[Result "1/2-1/2"]
[ECO "D37"]
[WhiteElo "2190"]
[BlackElo "1976"]
[Annotator "ChessBase"]
[PlyCount "74"]
[EventDate "2024.05.10"]
[EventType "schev"]
[EventCountry "USA"]
[SourceTitle "playchess.com"]
[Source "ChessBase"]
[SourceQuality "1"]
[TimeControl "5400+30"]

1. d4 Nf6 2. c4 e6 3. a3 d5 4. Nc3 Be7 5. Nf3 O-O 6. e3 b6 7. cxd5 Nxd5 8. Qc2 Bb7 9. Bd3 h6 10. Bd2 Nd7 11. O-O c5 12. Rfd1 Rc8 13. Nxd5 Bxd5 14. Ba6 Rc7 15. Rdc1 Qa8 16. Ne1 Bb7 17. Be2 Bd6 18. Qa4 Bc6 19. Bb5 Bxb5 20. Qxb5 Nf6 21. dxc5 Rxc5 22. Rxc5 Bxc5 23. b4 Be7 24. Bc3 Nd5 25. Bd4 Bf6 26. Bxf6 Nxf6 27. Nf3 Rc8 28. h3 Qb7 29. Rd1 Nd5 30. Ne5 Qc7 31. Qa6 Rd8 32. Nf3 Rd7 33. Ne5 Rd8 34. Nf3 Rd7 35. Rd4 Nf6 36. Rxd7 Qxd7 37. Ne5 Qc7 1/2-1/2

[Event "1000GM Schev-G4 May 2024"]
[Site "Sunnyvale"]
[Date "2024.05.12"]
[Round "3.3"]
[White "Wu, Jayden"]
[Black "Cremisi, Daniel"]
[Result "0-1"]
[ECO "C18"]
[WhiteElo "1953"]
[BlackElo "2171"]
[Annotator "ChessBase"]
[PlyCount "62"]
[EventDate "2024.05.10"]
[EventType "schev"]
[EventCountry "USA"]
[SourceTitle "playchess.com"]
[Source "ChessBase"]
[SourceQuality "1"]
[TimeControl "5400+30"]

1. e4 e6 2. d4 d5 3. Nc3 Bb4 4. e5 c5 5. a3 Bxc3+ 6. bxc3 Qa5 7. Bd2 Qa4 8. Nf3 Nc6 9. dxc5 Nge7 10. Bd3 Qa5 11. c4 Qxc5 12. cxd5 exd5 13. h3 Bf5 14. Qe2 Bxd3 15. Qxd3 b5 16. O-O O-O 17. Rab1 a6 18. Bb4 Nxb4 19. axb4 Qc4 20. Qxc4 dxc4 21. Rfd1 Rfd8 22. Nd4 Rd5 23. e6 Rad8 24. exf7+ Kxf7 25. c3 Nf5 26. Ra1 Nxd4 27. Rxd4 Rxd4 28. cxd4 Rxd4 29. Rxa6 c3 30. Ra1 c2 31. Rc1 Rd1+ 0-1

[Event "1000GM Schev-G4 May 2024"]
[Site "Sunnyvale"]
[Date "2024.05.12"]
[Round "3.5"]
[White "Ramirez, Carlos"]
[Black "Champsi, Imran"]
[Result "1-0"]
[ECO "E93"]
[WhiteElo "2163"]
[BlackElo "2029"]
[Annotator "ChessBase"]
[PlyCount "91"]
[EventDate "2024.05.10"]
[EventType "schev"]
[EventCountry "USA"]
[SourceTitle "playchess.com"]
[Source "ChessBase"]
[SourceQuality "1"]
[TimeControl "5400+30"]

1. Nf3 Nf6 2. c4 g6 3. Nc3 Bg7 4. e4 d6 5. d4 O-O 6. Be2 e5 7. d5 a5 8. Bg5 h6 9. Bh4 Na6 10. Nd2 Qe8 11. O-O Nc5 12. Qc2 b6 13. Nb5 Qd7 14. Rfe1 Ne8 15. f3 f5 16. b3 Qf7 17. a3 f4 18. b4 Nb7 19. Bf2 g5 20. c5 bxc5 21. bxc5 Nxc5 22. Bxc5 dxc5 23. Qxc5 h5 24. Rac1 Bd7 25. Nxc7 Nxc7 26. Qxc7 h4 27. Nc4 Rac8 28. Qd6 Bb5 29. Qb6 Rb8 30. Qxa5 Qh5 31. h3 g4 32. fxg4 Qg5 33. Bf3 Rfc8 34. Nd6 Rxc1 35. Rxc1 Be2 36. Qc7 Rb2 37. Qf7+ Kh7 38. Rc7 Bxf3 39. gxf3 Rb1+ 40. Kf2 Rb2+ 41. Ke1 Rb1+ 42. Kd2 Rh1 43. Nf5 Rxh3 44. Qf8 Rxf3 45. Rxg7+ Qxg7 46. Qxg7# 1-0

[Event "1000GM Schev-G4 May 2024"]
[Site "Sunnyvale"]
[Date "2024.05.12"]
[Round "4.1"]
[White "Bhatta, Rohit"]
[Black "Rivera, Ingris"]
[Result "1/2-1/2"]
[ECO "E62"]
[WhiteElo "1976"]
[BlackElo "2172"]
[Annotator "ChessBase"]
[PlyCount "101"]
[EventDate "2024.05.10"]
[EventType "schev"]
[EventCountry "USA"]
[SourceTitle "playchess.com"]
[Source "ChessBase"]
[SourceQuality "1"]
[TimeControl "5400+30"]

1. d4 Nf6 2. c4 g6 3. g3 Bg7 4. Bg2 O-O 5. Nc3 d6 6. Nf3 Nc6 7. O-O e5 8. dxe5 Nxe5 9. Nxe5 dxe5 10. Qxd8 Rxd8 11. Bg5 Rf8 12. Rfd1 c6 13. Na4 Be6 14. b3 Nd7 15. Be3 a6 16. Nc5 Nxc5 17. Bxc5 Rfd8 18. Bb6 Rxd1+ 19. Rxd1 Kf8 20. Rd8+ Rxd8 21. Bxd8 Ke8 22. Bb6 Bf5 23. e4 Bg4 24. f3 Be6 25. Bf1 Bf8 26. Kf2 Kd7 27. Ke3 Ba3 28. Kd3 Bb4 29. Bf2 f5 30. Be2 b5 31. cxb5 cxb5 32. g4 Kc6 33. Bg3 Kd6 34. Bf2 Bc5 35. Bg3 Bd4 36. gxf5 gxf5 37. f4 a5 38. fxe5+ Bxe5 39. Bxe5+ Kxe5 40. exf5 Bxf5+ 41. Kc3 b4+ 42. Kc4 Bb1 43. Kb5 Kd4 44. Kxa5 Kc3 45. Ka4 Bxa2 46. Bc4 Bb1 47. Bf7 h6 48. h4 Bd3 49. Be6 Be4 50. Bf7 Bf5 51. Bg8 1/2-1/2

[Event "1000GM Schev-G4 May 2024"]
[Site "Sunnyvale"]
[Date "2024.05.12"]
[Round "4.2"]
[White "Wu, Jayden"]
[Black "Zuluaga Mancilla, Cesar"]
[Result "0-1"]
[ECO "B28"]
[WhiteElo "1953"]
[BlackElo "2190"]
[Annotator "ChessBase"]
[PlyCount "82"]
[EventDate "2024.05.10"]
[EventType "schev"]
[EventCountry "USA"]
[SourceTitle "playchess.com"]
[Source "ChessBase"]
[SourceQuality "1"]
[TimeControl "5400+30"]

1. e4 c5 2. Nf3 a6 3. Be2 d6 4. d4 cxd4 5. Qxd4 Nc6 6. Qe3 Nf6 7. h3 g6 8. O-O Bg7 9. Nc3 O-O 10. Rd1 Qc7 11. Bd2 e6 12. Bc4 b5 13. Bb3 Bb7 14. Qe2 Na5 15. Bf4 Rfd8 16. Rac1 b4 17. Na4 Nxe4 18. Ng5 Nxg5 19. Bxg5 Re8 20. Qd2 Nxb3 21. cxb3 Qa5 22. Bf4 e5 23. Be3 Bf8 24. Bh6 Be7 25. Bg5 Bxg5 26. Qxg5 Rad8 27. Rc4 Qb5 28. Rh4 h5 29. Re1 e4 30. Rxh5 Qxg5 31. Rxg5 Kg7 32. Rd1 f5 33. h4 Kf6 34. Nb6 d5 35. a3 Re6 36. Na4 bxa3 37. bxa3 Rc6 38. b4 Rc2 39. Nc5 Bc6 40. Nb3 Ba4 41. Nc5 Bc6 0-1

[Event "1000GM Schev-G4 May 2024"]
[Site "Sunnyvale"]
[Date "2024.05.12"]
[Round "4.4"]
[White "Jaquez, Juan Manuel"]
[Black "Champsi, Imran"]
[Result "1-0"]
[ECO "B23"]
[WhiteElo "2208"]
[BlackElo "2029"]
[Annotator "ChessBase"]
[PlyCount "99"]
[EventDate "2024.05.10"]
[EventType "schev"]
[EventCountry "USA"]
[SourceTitle "playchess.com"]
[Source "ChessBase"]
[SourceQuality "1"]
[TimeControl "5400+30"]

1. e4 c5 2. Nc3 Nc6 3. Bc4 g6 4. d3 Bg7 5. Nge2 a6 6. a4 e6 7. f4 d6 8. O-O Nge7 9. Ng3 O-O 10. Nce2 Rb8 11. c3 b5 12. Ba2 d5 13. e5 c4 14. Be3 f6 15. exf6 Bxf6 16. axb5 axb5 17. Bc5 Qc7 18. d4 Bd7 19. Bb1 Na5 20. Bc2 Ra8 21. Qd2 Rfb8 22. Ra3 Nb7 23. Rfa1 Rxa3 24. Bxa3 Ra8 25. Re1 Nd6 26. Nf1 Nc6 27. Bxd6 Qxd6 28. Ne3 b4 29. Ng4 Bg7 30. Ne5 b3 31. Bb1 Rf8 32. Qe3 Nxe5 33. dxe5 Qc7 34. Nd4 Qa7 35. g4 Bh6 36. g5 Bg7 37. h4 Bc8 38. Rf1 Qa1 39. Qe2 Qa7 40. Kg2 Qe7 41. Qg4 Qf7 42. Qe2 Qe7 43. Kg3 Rf7 44. h5 gxh5 45. Rh1 h6 46. Rxh5 hxg5 47. Rxg5 Kf8 48. Bg6 Bh6 49. Qh5 Bxg5 50. Qh8# 1-0

[Event "1000GM Schev-G4 May 2024"]
[Site "Sunnyvale"]
[Date "2024.05.12"]
[Round "4.5"]
[White "Pullela, Sricharan"]
[Black "Ramirez, Carlos"]
[Result "1/2-1/2"]
[ECO "D27"]
[WhiteElo "2125"]
[BlackElo "2163"]
[Annotator "ChessBase"]
[PlyCount "138"]
[EventDate "2024.05.10"]
[EventType "schev"]
[EventCountry "USA"]
[SourceTitle "playchess.com"]
[Source "ChessBase"]
[SourceQuality "1"]
[TimeControl "5400+30"]

1. d4 d5 2. c4 dxc4 3. e3 Nf6 4. Bxc4 e6 5. Nf3 c5 6. O-O a6 7. dxc5 Bxc5 8. a3 b5 9. Be2 Bb7 10. b4 Be7 11. Bb2 O-O 12. Nbd2 Nbd7 13. Nb3 Rc8 14. Rc1 Bd5 15. Rxc8 Qxc8 16. Bd4 Qa8 17. Qb1 e5 18. Ba1 Rc8 19. Nbd2 Ne4 20. Nxe4 Bxe4 21. Bd3 Bxf3 22. gxf3 Qxf3 23. Bxh7+ Kf8 24. Qe4 Qxe4 25. Bxe4 Rc7 26. Rd1 f6 27. Kf1 Nb6 28. Ke2 Kf7 29. f4 exf4 30. exf4 Nc4 31. Rd3 Bd6 32. Kf3 Ke7 33. h4 a5 34. Bc3 axb4 35. axb4 Nb6 36. Bd2 Nc4 37. Be1 Nb6 38. Re3 Kd7 39. Bf5+ Kc6 40. Bg6 Nc4 41. Re8 Ra7 42. Rc8+ Kd7 43. Rg8 Ke6 44. Ke4 Ra3 45. f5+ Kd7 46. Rxg7+ Be7 47. Kd4 Ne5 48. Kd5 Rd3+ 49. Ke4 Rb3 50. h5 Kd6 51. h6 Bf8 52. Bd2 Rh3 53. Bf4 Rh4 54. Rh7 Kc6 55. Rh8 Bd6 56. Rg8 Nc4 57. h7 Rxf4+ 58. Kd3 Rf3+ 59. Ke2 Re3+ 60. Kf2 Rh3 61. h8=Q Rxh8 62. Rxh8 Bxb4 63. Be8+ Kb6 64. Bd7 Bc5+ 65. Ke2 b4 66. Be6 Nd6 67. Kd3 Nb5 68. Rh6 Bd4 69. Bd7 Bc3 1/2-1/2

[Event "1000GM Schev-G4 May 2024"]
[Site "Sunnyvale"]
[Date "2024.05.13"]
[Round "5.1"]
[White "Rivera, Ingris"]
[Black "Wu, Jayden"]
[Result "1-0"]
[ECO "D58"]
[WhiteElo "2172"]
[BlackElo "1953"]
[Annotator "ChessBase"]
[PlyCount "95"]
[EventDate "2024.05.10"]
[EventType "schev"]
[EventCountry "USA"]
[SourceTitle "playchess.com"]
[Source "ChessBase"]
[SourceQuality "1"]
[TimeControl "5400+30"]

1. d4 Nf6 2. c4 e6 3. a3 d5 4. Nc3 Be7 5. Nf3 O-O 6. Bg5 Nbd7 7. e3 h6 8. Bh4 a6 9. Rc1 dxc4 10. Bxc4 c5 11. O-O b5 12. Ba2 Bb7 13. Qe2 Qb6 14. dxc5 Nxc5 15. Nd4 Rfe8 16. f3 Ncd7 17. Bf2 b4 18. axb4 Bxb4 19. e4 Qa5 20. Bc4 Bc5 21. Ra1 Qb4 22. Rfd1 e5 23. Nf5 Bxf2+ 24. Kxf2 a5 25. Nd6 Rf8 26. Nxb7 Qxb7 27. Kf1 Qb6 28. Nb5 Rac8 29. b3 Nc5 30. Rd6 Qb8 31. Qe3 a4 32. Rxf6 Nxb3 33. Rb6 Rxc4 34. Rxb8 Rxb8 35. Na3 Rd4 36. Ra2 Nc5 37. Qc3 Nd3 38. Ra1 Rb3 39. Qc8+ Kh7 40. Nc2 Rd6 41. Ne3 a3 42. Nc4 Rg6 43. Nxa3 Rb2 44. Nc2 Nf4 45. g3 Ne6 46. Qc3 Rb5 47. Ra5 Rxa5 48. Qxa5 1-0

[Event "1000GM Schev-G4 May 2024"]
[Site "Sunnyvale"]
[Date "2024.05.13"]
[Round "5.3"]
[White "Champsi, Imran"]
[Black "Cremisi, Daniel"]
[Result "0-1"]
[ECO "C15"]
[WhiteElo "2029"]
[BlackElo "2171"]
[Annotator "ChessBase"]
[PlyCount "126"]
[EventDate "2024.05.10"]
[EventType "schev"]
[EventCountry "USA"]
[SourceTitle "playchess.com"]
[Source "ChessBase"]
[SourceQuality "1"]
[TimeControl "5400+30"]

1. e4 e6 2. d4 d5 3. Nc3 Bb4 4. Qd3 dxe4 5. Qxe4 Nf6 6. Qh4 b6 7. Nge2 Bb7 8. Qg3 O-O 9. Bh6 Ne8 10. O-O-O Bd6 11. Bf4 Nf6 12. Qe3 Nc6 13. f3 Re8 14. Ng3 Nb4 15. Bxd6 cxd6 16. a3 Nbd5 17. Nxd5 Nxd5 18. Qd2 Rc8 19. Kb1 a6 20. Bd3 b5 21. h4 Qb6 22. Ne4 b4 23. axb4 Nxb4 24. c3 Nxd3 25. Qxd3 Bd5 26. Nd2 Rb8 27. Qc2 Rec8 28. Kc1 Qa5 29. Rde1 Qa2 30. Re3 Rc7 31. Qb1 Qa5 32. h5 Qb6 33. h6 g6 34. Rh4 a5 35. Qc2 a4 36. c4 Rbc8 37. Rc3 Qb4 38. b3 axb3 39. Rxb3 Rxc4 40. Rxb4 Rxc2+ 41. Kd1 Ra2 42. g4 Kf8 43. g5 Ra1+ 44. Ke2 Ke7 45. Rb2 Rg1 46. f4 f6 47. gxf6+ Kxf6 48. Rb6 Rg2+ 49. Kd3 Ra8 50. Ne4+ Ke7 51. Nc3 Ra3 52. Rh3 Rf2 53. Rb8 Rxf4 54. Ke2 Bc4+ 55. Kd2 Rf2+ 56. Ke1 Re2+ 57. Nxe2 Rxh3 58. Rb7+ Kf6 59. Rxh7 Re3 60. Rc7 Rxe2+ 61. Kd1 Bb5 62. d5 Rh2 63. h7 exd5 0-1

[Event "1000GM Schev-G4 May 2024"]
[Site "Sunnyvale"]
[Date "2024.05.13"]
[Round "5.4"]
[White "Jaquez, Juan Manuel"]
[Black "Pullela, Sricharan"]
[Result "1-0"]
[ECO "C05"]
[WhiteElo "2208"]
[BlackElo "2125"]
[Annotator "ChessBase"]
[PlyCount "105"]
[EventDate "2024.05.10"]
[EventType "schev"]
[EventCountry "USA"]
[SourceTitle "playchess.com"]
[Source "ChessBase"]
[SourceQuality "1"]
[TimeControl "5400+30"]

1. e4 e6 2. d4 d5 3. Nd2 Nf6 4. e5 Nfd7 5. f4 c5 6. c3 Nc6 7. Ndf3 a6 8. Bd3 b5 9. Ne2 Nb6 10. O-O Bd7 11. Be3 cxd4 12. Nexd4 Nc4 13. Bxc4 dxc4 14. Kh1 Be7 15. Qe2 O-O 16. Qf2 Qc7 17. Rfd1 Nxd4 18. Nxd4 Qb7 19. Rd2 g6 20. Rad1 Rfd8 21. h4 Bc6 22. h5 Be4 23. Qg3 b4 24. f5 Bxf5 25. Bg5 bxc3 26. bxc3 Bd3 27. Bxe7 Qxe7 28. Nc6 Qf8 29. Nxd8 Rxd8 30. Qg5 Rd5 31. Rf2 Qd8 32. Qxd8+ Rxd8 33. h6 Rb8 34. Kh2 Rb5 35. Re1 a5 36. Re3 a4 37. Ref3 Rb7 38. Rf6 a3 39. Kg3 Bf5 40. Rd2 Bd3 41. Rf4 Kf8 42. Rd4 Ke7 43. Rd6 Rb2 44. Rf2 Rb5 45. Ra6 Rxe5 46. Ra7+ Kd6 47. Rfxf7 g5 48. Ra6+ Kd5 49. Ra5+ Ke4 50. Rxe5+ Kxe5 51. Ra7 Bf5 52. Kf3 g4+ 53. Ke3 1-0